 Dungeon Crawl Stone Soup version 0.31-a0-810-ga77100ea1a (webtiles) character file.

Game seed: 15444346467901111671

115 LeprechaunX the Changeling (level 5, -1/34 HPs)
             Began as an Octopode Shapeshifter on Sept 21, 2023.
             Slain by a jelly (2 damage)
             ... on level 3 of the Dungeon.
             The game lasted 00:03:27 (2076 turns).

LeprechaunX the Changeling (Octopode Shapeshifter)  Turns: 2076, Time: 00:03:27

Health: -1/34      AC: -7    Str: 15    XL:     5   Next: 0%
Magic:  5/5        EV: 13    Int: 13    God:
Gold:   178        SH:  0    Dex: 11    Spells: 4/4 levels left

rFire   . .          .
                       - Unarmed
rCold   + . .        (no shield)
rNeg    + . .        (helmet currently unavailable)
rPois   .            (no amulet)
rElec   .            j - ring of flight
rCorr   .            q - ring of protection from cold
SInv    .            r - ring of positive energy
Will    .....        (no ring)
Stlth   ++           (no ring)
HPRegen 0.25/turn    (no ring)
MPRegen 0.09/turn    (no ring)
                     (no ring)

%: no passive effects
@: beast-form, corroded, flying
A: beast (slay +2), almost no armour, amphibious, 8 rings, camouflage 1,
gelatinous body 1, (nimble swimmer 1), tentacles
a: Begin Untransformation


You were on level 3 of the Dungeon.
You were a hulking beast.
You visited 1 branch of the dungeon, and saw 3 of its levels.

You collected 178 gold pieces.

Inventory:

Jewellery
 g - a ring of wizardry
 i - a ring of fire
 j - a ring of flight (left tentacle)
 q - a ring of protection from cold (right tentacle)
 r - a ring of positive energy (on tentacle)
Talismans
 b - a beast talisman (active)
 c - a flux talisman
Wands
 n - a wand of polymorph (10)
Scrolls
 e - 2 scrolls of fear {unknown}
 h - a scroll of revelation {unknown}
 l - a scroll of brand weapon {unknown}
 m - a scroll of immolation {unknown}
 o - a scroll of silence {unknown}
 s - a scroll of teleportation {unknown}
Potions
 a - a potion of lignification
 d - a potion of cancellation {unknown}
 f - a potion of haste {unknown}
 k - 3 potions of curing {unknown}
 p - a potion of brilliance {unknown}


   Skills:
 + Level 2.1 Fighting
 + Level 2.8 Dodging
 + Level 3.6 Unarmed Combat
 * Level 4.0 Shapeshifting


You had 4 spell levels left.
You didn't know any spells.
Your spell library contained the following spells:

 Spells                   Type           Power      Damage    Failure   Level
 Magic Dart               Conj           0%         1d3       30%         1
 Ensorcelled Hibernation  Hex/Ice        0%         N/A       43%         2
 Jinxbite                 Hex            0%         N/A       43%         2
 Lesser Beckoning         Tloc           0%         N/A       43%         2
 Searing Ray              Conj           0%         2d4       43%         2
 Gell's Gravitas          Tloc           0%         N/A       67%         3
 Teleport Other           Tloc           0%         N/A       67%         3
 Anguish                  Hex/Necr       0%         N/A       97%         4
 Fulminant Prism          Conj/Hex       0%         3d5       97%         4
 Summon Forest            Summ/Tloc      0%         N/A       100%        5
 Eringya's Noxious Bog    Tmut/Pois      0%         4d6       100%        6
 Summon Hydra             Summ           0%         N/A       100%        7


Dungeon Overview and Level Annotations

Branches:
Dungeon (3/15)

Altars:
Xom

Shops:
D:2 :


Innate Abilities, Weirdness & Mutations

You are a hulking beast.
Your limbs bulge with bestial killing power. (Slay +2)
You cannot wear most types of armour.
You are amphibious.
You can wear up to eight rings at the same time.
Your skin changes colour to match your surroundings (Stealth+).
Your rubbery body absorbs attacks. (AC +1, EV +1)
((You are camouflaged when in or above water. (Stealth+)))
You have tentacles for arms and can constrict up to eight enemies at once.


Message History

You tentacle-slap the jelly but do no damage.
Your tentacles burn!
You squeeze the jelly.
The jelly is lightly wounded.
The jelly hits you but does no damage.
You tentacle-slap the jelly.
Your tentacles burn!
The jelly is moderately wounded.
The jelly closely misses you.
You tentacle-slap the jelly.
Your tentacles burn!
You squeeze the jelly.
The jelly is heavily wounded.
The jelly hits you.
You are splashed with acid!
You are too injured to fight recklessly!
You are too injured to fight recklessly!
You are too injured to fight recklessly!
You are too injured to fight recklessly!
You are too injured to fight recklessly!
You are too injured to fight recklessly!
You are too injured to fight recklessly!
You are too injured to fight recklessly!
You are too injured to fight recklessly!
You are too injured to fight recklessly!
You are too injured to fight recklessly!
You are too injured to fight recklessly!
You are too injured to fight recklessly!
You are too injured to fight recklessly!
You are too injured to fight recklessly!
You are too injured to fight recklessly!
You are too injured to fight recklessly!
You are too injured to fight recklessly!
You tentacle-slap the jelly. The acid corrodes you!
Your tentacles burn!
* * * LOW HITPOINT WARNING * * *
The jelly is almost dead.
The jelly hits you.
* * * LOW HITPOINT WARNING * * *
The acid corrodes you!
You are splashed with acid.
* * * LOW HITPOINT WARNING * * *
You barely miss the jelly.
You squeeze the jelly, but do no damage.
The jelly is almost dead.
The jelly hits you.
You die...

#.# ##.##.# ## #.#
##...####### #.#
##....'.'..### #.#
#.....###...## #.#
#.....###...## #.#
#.....+.'._.##
####.#
##....###...##
..##.# #....###...##
#.##.# #....+.Jh.###
#.##.####....#######
#.##..........# ##
...........####
...........#
#.########## #.# #.#
#.#


You could see a jelly.

Vanquished Creatures
  A jelly (D:3)
  2 adders (D:3)
  3 worms
  3 dart slugs
  An orc (D:3)
  4 endoplasms
  2 giant cockroaches
  5 goblins
  3 hobgoblins
  2 jackals (D:3)
  3 kobolds
  2 quokkas
  5 ball pythons
  8 bats
  5 frilled lizards
  5 rats
54 creatures vanquished.

Notes
Turn   | Place    | Note
-------+----------+-------------------------------------------
     0 | D:1      | LeprechaunX the Octopode Shapeshifter began the quest for
                  | the Orb.
     0 | D:1      | Reached XP level 1. HP: 13/13 MP: 1/1
   193 | D:1      | Reached XP level 2. HP: 11/18 MP: 2/2
   321 | D:1      | Found a faded altar of an unknown god.
   518 | D:2      | Found Xoofiod's Book Boutique.
   525 | D:2      | Reached XP level 3. HP: 18/23 MP: 3/3
  1523 | D:3      | Reached XP level 4. HP: 29/29 MP: 4/4
  2057 | D:3      | Found a shimmering altar of Xom.
  2066 | D:3      | Reached skill level 4 in Shapeshifting
  2066 | D:3      | Reached XP level 5. HP: 33/34 MP: 5/5
  2075 | D:3      | HP: 1/34 [acid (6)]
  2076 | D:3      | Slain by a jelly

Illustrated notes

Levels and vault maps discovered:
D:1:      dpeg_arrival_connections, layout_rooms,
          chequers_ecumenical_altar_twisty
D:2:      layout_basic, serial_shops, nicolae_book_shop_shelving
D:3:      layout_loops_ring, dk_xom_monty_hall

Skill      XL: |  1  2  3  4 |
---------------+-------------+-----
Fighting       | 2 |  2.1
Shapeshifting  | 4 |  4.0
Dodging        | |  2.8
Unarmed Combat | |  3.6

Action                     |  1- 3 |  4- 6 || total
---------------------------+-------+-------++-------
  Melee: Unarmed           |    62 |    43 ||   105
         Constrict         |    16 |    10 ||    26
         Tentacles         |    11 |    10 ||    21
         Punch             |     2 |     3 ||     5
   Stab: Sleeping          |     9 |     3 ||    12
         Distracted        |       |     1 ||     1
 Armour: Skin              |    26 |    15 ||    41
  Dodge: Dodged            |    30 |    28 ||    58

Table legend: (Time is in decaauts)
 A = Elapsed time spent in this place.
 B = Non-inter-level travel time spent in this place.
 C = Inter-level travel time spent in this place.
 D = Time resting spent in this place.
 E = Time spent auto-exploring this place.
 F = Levels seen in this place.
 G = Mean time per level.
                   A        B        C        D        E       F      G
               +--------+--------+--------+--------+--------+-----+--------+
         Total |   2068 |   2017 |     51 |      0 |   1684 |   3 |  689.3 |
       Dungeon |   2068 |   2017 |     51 |      0 |   1684 |   3 |  689.3 |
               +--------+--------+--------+--------+--------+-----+--------+

Top non-repeatable levels by time:
     D:2: 936 daAuts
     D:3: 625 daAuts
     D:1: 505 daAuts
